Map: Ley Lines

Players

Astrea

  • Race: Protoss Protoss
  • Spawn Location: 7:00

HeroMarine - Winner!

  • Race: Terran Terran
  • Spawn Location: 1:00

Event: Esports World Cup 2025

VOD

Have the link to the VOD?

Description

Time

  • Played on: July 22, 2025, 8:12 a.m.
  • Length: 9:07

All games in this series

Show
View Real Time Build Order
Export as new Build Order

Astrea Protoss 

Build Orders: 1 Gate Expand, Blink Stalkers 

Get SALT Encoding   

  12  0:00  Probe  
  13  0:12  Probe  
  14  0:17  Pylon  
  14  0:23  Probe  
  15  0:31  Probe  
  16  0:35  Gateway  
  16  0:39  Probe  
  16  0:44  Assimilator  
  17  0:51  Probe  
  18  1:03  Probe  
  19  1:15  Probe  
  20  1:20  Nexus  
  20  1:30  Cybernetics Core  
  20  1:33  Probe  
  20  1:39  Assimilator  
  21  1:45  Probe  
  22  1:48  Pylon  
  22  1:54  Stalker  
  22  1:57  Probe  
  23  2:07  Warp Gate  
  25  2:10  Probe  
  26  2:21  Stalker  
  26  2:22  Probe  
  29  2:31  Probe  
  29  2:34  Probe  
  29  2:36  Twilight Council  
  31  2:39  Probe  
  31  2:43  Blink  
  32  2:46  Probe  
  32  2:47  Probe  
  32  2:48  Stalker  
  36  2:58  Probe x2  
  37  3:05  Gateway  
  38  3:10  Probe x2  
  40  3:22  Probe  
  40  3:24  Probe  
  40  3:25  Shield Battery  
  40  3:34  Probe  
  40  3:36  Probe  
  42  3:46  Probe  
  42  3:48  Probe  
  40  3:56  Stalker  
  40  3:58  Probe  
  40  4:01  Probe  
  41  4:10  Probe, Stalker  
  41  4:13  Probe  
  45  4:20  Phoenix  
  45  4:22  Pylon  
  45  4:23  Probe  
  46  4:26  Robotics Facility  
  46  4:28  Assimilator  
  46  4:36  Pylon  
  46  4:40  Probe x2, Sentry, Stalker  
  46  4:44  Pylon  
  52  4:52  Probe x2  
  54  4:55  Shield Battery  
  54  5:04  Probe x2  
  53  5:07  Observer  
  51  5:16  Probe, Nexus  
  51  5:17  Probe  
  50  5:28  Probe  
  50  5:30  Probe  
  50  5:32  Observer  
  53  5:38  Stalker x2  
  53  5:40  Probe  
  58  5:45  Probe  
  58  5:49  Pylon  
  59  5:56  Probe  
  59  6:02  Stalker x2  
  59  6:04  Probe  
  64  6:08  Probe  
  65  6:12  Charge  
  65  6:16  Forge  
  65  6:20  Probe x2  
  67  6:25  Probe  
  67  6:28  Probe x2  
  69  6:32  Sentry  
  69  6:33  Pylon  
  69  6:34  Probe  
  69  6:37  Probe x2  
  72  6:43  Gateway  
  72  6:44  Protoss Ground Weapons Level 1  
  72  6:45  Gateway  
  74  6:48  Gateway  
  76  6:55  Immortal  
  76  6:57  Sentry  
  76  6:58  Shield Battery  
  78  7:10  Stalker  
  78  7:13  Gateway  
  80  7:18  Pylon  
  80  7:19  Probe x3  
  81  7:28  Immortal  
  80  7:30  Zealot  
  80  7:31  Probe x2  
  80  7:35  Probe  
  88  7:42  Zealot  
  88  7:47  Zealot x3  
  88  7:53  Gateway, Sentry  
  88  7:56  Gateway, Robotics Bay  
  90  8:02  Probe x3  
  90  8:03  Zealot  
  95  8:07  Zealot x3  
  95  8:10  Zealot  
  95  8:11  Pylon  
  103  8:14  Probe  
  100  8:20  Probe  
  100  8:26  Zealot x2  
  93  8:27  Zealot  
  93  8:28  Zealot x2  
  98  8:38  Zealot  
  98  8:48  Zealot x4  
  98  8:50  Zealot x3  
  98  8:53  Probe  
Show
View Real Time Build Order
Export as new Build Order

HeroMarine Terran - Winner!

Build Orders: Banshee Rush 

Get SALT Encoding   

  12  0:00  SCV  
  13  0:12  SCV  
  14  0:17  Supply Depot  
  14  0:24  SCV  
  15  0:38  SCV  
  15  0:39  Barracks  
  16  0:43  Refinery  
  16  0:50  SCV  
  16  0:53  Refinery  
  17  1:02  SCV  
  18  1:15  SCV  
  19  1:27  Orbital Command, Reaper  
  20  1:40  Factory  
  20  1:46  Supply Depot  
  20  1:52  SCV  
  21  1:59  Reaper  
  22  2:04  SCV  
  23  2:17  Command Center  
  23  2:18  SCV  
  24  2:24  Hellion  
  26  2:30  SCV  
  26  2:31  Reaper  
  28  2:37  Supply Depot  
  28  2:42  SCV  
  29  2:46  Hellion  
  31  2:51  Starport  
  31  2:58  SCV  
  31  3:03  Barracks Reactor  
  32  3:08  Factory Tech Lab  
  32  3:11  SCV  
  33  3:23  SCV  
  34  3:31  Orbital Command  
  33  3:35  SCV  
  33  3:36  Factory Tech Lab  
  33  3:37  Cloaking Field, Banshee  
  37  3:43  Marine x2  
  37  3:47  SCV  
  39  3:57  SCV, Siege Tank  
  39  3:58  Supply Depot  
  39  3:59  SCV  
  39  4:02  Marine x2  
  42  4:10  SCV  
  42  4:11  SCV  
  42  4:14  Bunker  
  43  4:19  Supply Depot, Banshee  
  43  4:22  Marine, SCV  
  43  4:23  SCV  
  43  4:24  Marine  
  50  4:33  Barracks  
  50  4:34  SCV  
  50  4:35  SCV  
  50  4:37  Siege Tank  
  55  4:41  Marine x2  
  55  4:43  Supply Depot  
  57  4:46  SCV  
  57  4:47  SCV  
  59  4:53  Barracks  
  59  4:58  SCV  
  59  4:59  Marine x2, SCV  
  63  5:09  Siege Tank  
  63  5:10  SCV  
  63  5:12  SCV  
  68  5:17  Marine x2  
  68  5:18  Refinery, Supply Depot  
  68  5:19  Engineering Bay  
  70  5:23  SCV  
  70  5:24  SCV  
  72  5:34  Marine  
  72  5:35  Marine, SCV  
  72  5:36  SCV  
  72  5:39  Stimpack  
  72  5:40  Marine  
  74  5:47  SCV  
  74  5:48  SCV  
  74  5:49  Factory Reactor, Starport Reactor  
  76  5:55  Command Center  
  76  5:59  Marauder x2, SCV  
  76  6:00  SCV  
  76  6:03  Terran Infantry Weapons Level 1  
  82  6:04  Refinery, Marine x2  
  84  6:13  Supply Depot  
  84  6:21  Marauder  
  86  6:33  Barracks  
  86  6:34  Supply Depot, Barracks  
  86  6:35  Marauder, Marine x2, Medivac x2  
  86  6:38  Supply Depot  
  94  6:49  Combat Shield, SCV  
  94  6:53  SCV  
  94  6:56  Marauder x2, Marine x2  
  94  6:58  Widow Mine  
  94  7:00  Widow Mine  
  94  7:01  SCV  
  104  7:04  Supply Depot  
  104  7:05  SCV  
  104  7:06  Supply Depot  
  104  7:13  SCV  
  104  7:15  Marine x2  
  106  7:17  Marauder, SCV, Medivac x2  
  106  7:18  Marauder  
  116  7:25  SCV  
  116  7:29  SCV  
  118  7:36  Barracks Reactor, Widow Mine x2  
  121  7:37  SCV  
  121  7:38  Marauder, Barracks Tech Lab  
  121  7:39  Marauder, SCV  
  121  7:41  Marine x2  
  121  7:42  SCV  
  121  7:57  Orbital Command  
  122  7:59  Marine x2  
  122  8:00  Marauder, Widow Mine  
  122  8:01  Marauder x2, Widow Mine  
  122  8:05  SCV  
  133  8:10  SCV  
  134  8:16  Marine  
  134  8:17  Marine x3, SCV  
  134  8:18  Concussive Shells  
  135  8:21  Marauder  
  135  8:22  Marauder, SCV  
  135  8:23  Marauder  
  137  8:28  Widow Mine x2  
  141  8:35  Supply Depot x2  
  141  8:36  Marine, Medivac  
  141  8:38  Marine  
  141  8:41  SCV x2  
  144  8:42  Marauder  
  144  8:43  Marauder  
  144  8:47  Refinery  
  149  8:48  Refinery  
Tags
 
Add a new tag
Caveats
  • Supply blocks, unpowered buildings, or Contaminate may cause inaccurate times.
  • Supply counts are checked every 10 seconds.